 Dungeon Crawl Stone Soup version 0.30-a0-777-ga9a30cbeda (webtiles) character file.

Game seed: 6117350177066659004

19991 Lobster4 the Geomancer (level 12, -1/75 HPs)
             Began as a Gargoyle Earth Elementalist on Feb 14, 2023.
             Was a High Priest of Vehumet.
             Slain by a death yak (5 damage)
             ... on level 1 of the Lair of Beasts.
             The game lasted 00:36:19 (18027 turns).

Lobster4 the Geomancer (GrEE)                      Turns: 18027, Time: 00:36:19

Health: -1/75      AC: 19    Str: 12    XL:     12   Next: 74%
Magic:  2/32       EV: 12    Int: 21    God:    Vehumet [*****.]
Gold:   768        SH:  0    Dex: 10    Spells: 12/25 levels left

rFire   + . .      SeeInvis .    L - staff of earth
rCold   . . .      Faith    .    M - orb {light}
rNeg    + . .      Spirit   .    t - +2 robe {rF+}
rPois   ∞          Reflect  .    D - +1 helmet
rElec   +          Harm     .    J - +1 cloak
rCorr   .          Rampage  .    (no gloves)
Will    .....                    B - +0 pair of boots
Stlth   +                        (no amulet)
HPRegen 0.32/turn                d - ring of wizardry
MPRegen 0.23/turn                s - ring of magical power

@: glowing
A: sickness immunity, AC +8, negative energy resistance 1, electricity
resistance, torment resistance 1, petrification resistance
a: Renounce Religion


You were on level 1 of the Lair of Beasts.
You worshipped Vehumet.
Vehumet was extremely pleased with you.
You visited 3 branches of the dungeon, and saw 14 of its levels.
You also visited: Ossuary.

You collected 768 gold pieces.

Inventory:

Hand Weapons
 c - a +4 war axe of venom
 i - a +1 whip of venom
 k - a +1 mace
Missiles
 m - 10 javelins
 r - 35 poisoned darts
 v - 5 boomerangs (quivered)
 x - a throwing net
Armour
 e - +0 acid dragon scales
 t - a +2 robe of fire resistance (worn)
 B - a +0 pair of boots (worn)
 D - a +1 helmet (worn)
 J - a +1 cloak (worn)
 M - an orb of light (worn)
Magical Staves
 A - a staff of cold
 L - a staff of earth (weapon)
Jewellery
 d - a ring of wizardry (left hand)
 p - a ring of ice
 s - a ring of magical power (right hand)
 Q - a +6 ring of dexterity
Wands
 u - a wand of paralysis (3)
 w - a wand of iceblast (12)
 G - a wand of mindburst (11)
 H - a wand of flame (6)
 I - a wand of light (9)
Scrolls
 a - 2 scrolls of teleportation
 f - a scroll of fog
 l - a scroll of amnesia
 n - 4 scrolls of immolation
 y - a scroll of poison
 z - 2 scrolls of magic mapping
 O - a scroll of blinking
 P - a scroll of enchant weapon
Potions
 b - 3 potions of magic
 g - 2 potions of lignification
 h - 7 potions of curing
 j - 8 potions of heal wounds
 o - 2 potions of resistance
 q - 3 potions of brilliance
 C - 3 potions of haste
 E - 4 potions of flight
 F - 2 potions of cancellation
 K - 3 potions of might
 N - a potion of berserk rage {unknown}
 R - a potion of ambrosia


   Skills:
 + Level 8.5 Fighting
 - Level 4.0(4.4) Maces & Flails
 - Level 3.0(4.0) Staves
 - Level 2.0 Throwing
 + Level 8.4 Armour
 - Level 2.0 Dodging
 - Level 3.0 Stealth
 + Level 7.4 Spellcasting
 + Level 8.3 Conjurations
 - Level 1.0 Transmutations
 * Level 13.8 Earth Magic
 + Level 4.0 Poison Magic
 - Level 3.0 Evocations


You had 12 spell levels left.
You knew the following spells:

 Your Spells              Type           Power      Damage    Failure   Level
a - Sandblast             Erth           100%       2d20      1%          1
b - Stone Arrow           Conj/Erth      100%       3d13      1%          3
c - Lee's Rapid Deconstr  Erth           39%        3d19*     1%          5
d - Olgreb's Toxic Radia  Pois           24%        N/A       1%          4

Your spell library contained the following spells:

 Spells                   Type           Power      Damage    Failure   Level
 Passwall                 Tmut/Erth      45%        N/A       1%          2
 Petrify                  Tmut/Erth      55%        N/A       1%          4
 Wereblood                Tmut           12%        N/A       3%          2
 Ensorcelled Hibernation  Hex/Ice        14%        N/A       5%          2
 Swiftness                Air            7%         N/A       11%         3
 Conjure Ball Lightning   Conj/Air       12%        3x3d6     24%         6
 Animate Dead             Necr           7%         N/A       32%         4
 Haunt                    Necr/Summ      3%         N/A       100%        7
 Summon Hydra             Summ           3%         N/A       100%        7
 Discord                  Hex            3%         N/A       100%        8
 Disjunction              Tloc           3%         N/A       100%        8
 Infestation              Necr           3%         N/A       100%        8
 Sublimation of Blood     Necr           Unusable   N/A       N/A         2

Dungeon Overview and Level Annotations

Branches:
Dungeon (12/15)            Temple (1/1) D:6            Lair (1/5) D:9
    Orc (0/2) D:12        Ossuary (visited)

Altars:
Ashenzari
Cheibriados
Dithmenos
Elyvilon
Fedhas
Gozag
Hepliaklqana
Kikubaaqudgha
Makhleb
Nemelex Xobeh
Okawaru
Qazlal
Ru
Sif Muna
Trog
Uskayaw
Vehumet
Wu Jian
Yredelemnul
Zin
The Shining One
Jiyva

Shops:
D:4 (

Annotations:
D:4 Eustachio
D:5 1 runed translucent door, Gim's ghost, novice DsGl
D:6 1 runed translucent door, dolemite99's ghost, novice DjCj
D:8 2 transporters, scionoferis's ghost, novice DgHs
D:11 4 exclusions
D:12 1 exclusion


Innate Abilities, Weirdness & Mutations

You are immune to sickness and miasma.
Your stone body is resilient. (AC +8)
You are immune to poison.
You resist negative energy. (rN+)
You are resistant to electric shocks. (rElec)
You are resistant to unholy torment.
You are immune to petrification.


Message History

Aim: a death yak (moderately wounded, haloed, 94% to hit)
You feel a surge of power!
The stone arrow hits the death yak.
The death yak is moderately wounded.
The death yak barely misses you.
Casting: Stone Arrow (safe; 1% risk of failure)
Confirm with . or Enter, or press ? or * to list all spells.
Aiming: Stone Arrow (safe; 1% risk of failure)
Press: ? - help, Shift-Dir - straight line, f/p - death yak
Aim: a death yak (moderately wounded, haloed, 94% to hit)
You feel a surge of power!
The stone arrow hits the death yak!
The death yak is heavily wounded.
The death yak barely misses you.
Casting: Stone Arrow (safe; 1% risk of failure)
Confirm with . or Enter, or press ? or * to list all spells.
Aiming: Stone Arrow (safe; 1% risk of failure)
Press: ? - help, Shift-Dir - straight line, f/p - death yak
Aim: a death yak (heavily wounded, haloed, 94% to hit)
You feel a surge of power!
The stone arrow hits the death yak!
The death yak is severely wounded.
The death yak gores you!!
Casting: Stone Arrow (safe; 1% risk of failure)
Confirm with . or Enter, or press ? or * to list all spells.
Aiming: Stone Arrow (safe; 1% risk of failure)
Press: ? - help, Shift-Dir - straight line, f/p - death yak
Aim: a death yak (severely wounded, haloed, 94% to hit)
You feel a surge of power!
The stone arrow hits the death yak!
The death yak is almost dead.
The death yak gores you.
* * * LOW HITPOINT WARNING * * *
Casting: Stone Arrow (safe; 1% risk of failure)
Confirm with . or Enter, or press ? or * to list all spells.
Aiming: Sandblast (safe; 1% risk of failure)
Press: ? - help, Shift-Dir - straight line, f/p - death yak
Aim: a death yak (almost dead, haloed, 96% to hit)
You feel a surge of power!
The blast of sand hits the death yak.
The death yak is almost dead.
The death yak gores you!!
* * * LOW HITPOINT WARNING * * *
The death yak gores you.
You die...

##### # #.#.### .
#.....# .
####.....#########
.##............Y@..#
.....†...####P###P.#
##......># ### ##.#
#.###...# #..## ###
#...## ##..# ##.#.#
##.## ##### #..##
##..# ##.##


You could see a death yak.

Vanquished Creatures
  4 two-headed ogres
  3 death yaks (Lair:1)
  An ugly thing (D:12)
  2 cyclopes (D:12)
  A cane toad (Lair:1)
  2 gargoyles (D:12)
  An unseen horror (D:10)
  A komodo dragon (D:10)
  5 trolls
  A hornet (D:9)
  9 blink frogs (Lair:1)
  A slime creature (D:10)
  11 yaks
  4 wraiths
  2 steam dragons
  2 wyverns
  4 vampire mosquitoes (D:11)
  3 acid dragons
  2 water moccasins
  3 orc warriors
  2 sky beasts (D:6)
  4 black bears
  4 centaurs
  6 wolves (Lair:1)
  2 ogres (D:6)
  3 kobold brigands
  A phantom (D:5)
  3 scorpions
  7 bullfrogs
  3 necrophages
  3 gnoll sergeants
  17 wights
  6 water moccasin zombies
  14 killer bees
  7 howler monkeys
  A centaur zombie (D:4)
  6 jellies
  Crazy Yiuf (D:7)
  5 orc priests
  2 gnoll boudas
  5 hounds
  A scorpion zombie (D:4)
  5 iguanas
  6 orc wizards
  5 hell rats (Lair:1)
  A hound zombie (D:4)
  2 hound skeletons (D:4)
  2 mummies (Ossuary)
  6 adders
  26 gnolls
  A shadow imp (D:8)
  A white imp (D:6)
  6 adder zombies
  An adder skeleton (D:4)
  2 worms
  2 dart slugs
  26 orcs
  5 ball pythons
  5 bats
  3 endoplasms
  3 giant cockroaches
  4 gnoll zombies (Ossuary)
  2 goblins (D:2)
  5 hobgoblins
  2 jackals (D:1)
  22 kobolds
  5 quokkas
  14 frilled lizards
  A goblin zombie (D:8)
  6 hobgoblin zombies (Ossuary)
  5 kobold zombies (Ossuary)
  6 orc zombies (Ossuary)
  A quokka skeleton (D:4)
  3 rats
  A rat zombie (D:8)
350 creatures vanquished.

Vanquished Creatures (others)
  19 fungi
  27 plants
  3 withered plants
49 creatures vanquished.

Grand Total: 399 creatures vanquished

Notes
Turn   | Place    | Note
-------+----------+-------------------------------------------
     0 | D:1      | Lobster4 the Gargoyle Earth Elementalist began the quest
                  | for the Orb.
     0 | D:1      | Reached XP level 1. HP: 10/10 MP: 3/3
   134 | D:1      | Reached XP level 2. HP: 15/15 MP: 3/5
   426 | D:1      | Reached skill level 4 in Earth Magic
   666 | D:1      | Reached skill level 1 in Transmutations
   723 | D:1      | Reached XP level 3. HP: 11/20 MP: 3/6
  1081 | D:2      | Found a faded altar of an unknown god.
  1169 | D:2      | Reached skill level 1 in Fighting
  1169 | D:2      | Reached skill level 1 in Armour
  1454 | D:2      | Reached XP level 4. HP: 25/25 MP: 4/7
  1467 | D:2      | Learned a level 3 spell: Stone Arrow
  2346 | D:3      | Reached skill level 1 in Maces & Flails
  2346 | D:3      | Reached XP level 5. HP: 29/29 MP: 5/8
  2508 | D:3      | Reached skill level 1 in Conjurations
  2894 | D:3      | Found a burning altar of Makhleb.
  3058 | D:3      | Reached skill level 5 in Earth Magic
  3421 | D:4      | Reached XP level 6. HP: 35/35 MP: 6/9
  3592 | D:4      | Noticed a water moccasin
  3753 | D:3      | Killed a water moccasin
  4036 | D:3      | Reached skill level 1 in Throwing
  4390 | D:3      | Found a burning altar of Makhleb.
  4645 | D:4      | Noticed Eustachio
  4703 | D:4      | Reached XP level 7. HP: 40/40 MP: 8/11
  5262 | D:4      | Reached skill level 6 in Earth Magic
  5387 | D:4      | Found Cueddim's Weapon Emporium.
  6073 | D:5      | Entered Level 5 of the Dungeon
  6246 | D:5      | Reached XP level 8. HP: 46/46 MP: 2/13
  6353 | D:5      | Found a hazy altar of Hepliaklqana.
  6452 | D:5      | Found a runed translucent door.
  6455 | D:5      | Noticed Gim's ghost (novice DsGl)
  6503 | D:5      | Found an opulent altar of Gozag.
  6914 | D:5      | Reached skill level 7 in Earth Magic
  7464 | D:6      | Found a staircase to the Ecumenical Temple.
  7555 | Temple   | Entered the Ecumenical Temple
  7560 | Temple   | Became a worshipper of Vehumet
  7997 | D:6      | Reached skill level 8 in Earth Magic
  8180 | D:6      | Found a sacrificial altar of Ru.
  8183 | D:6      | Reached XP level 9. HP: 52/52 MP: 15/15
  8255 | D:6      | Found a snail-covered altar of Cheibriados.
  8502 | D:6      | Found a runed translucent door.
  8504 | D:6      | Noticed dolemite99's ghost (novice DjCj)
  9127 | D:7      | Found an ornate altar of the Wu Jian Council.
  9621 | D:7      | Reached * piety under Vehumet
  9621 | D:7      | Offered knowledge of Shock by Vehumet.
  9622 | D:7      | Reached skill level 1 in Evocations
  9745 | D:7      | Reached skill level 9 in Earth Magic
  9753 | D:7      | Reached skill level 5 in Armour
  9762 | D:7      | Reached skill level 5 in Fighting
 10334 | D:7      | Found a runed translucent door.
 10335 | D:7      | Noticed Crazy Yiuf
 10340 | D:7      | Killed Crazy Yiuf
 10458 | D:8      | Reached skill level 5 in Conjurations
 10463 | D:8      | Reached ** piety under Vehumet
 10465 | D:8      | Offered knowledge of Kiss of Death by Vehumet.
 10470 | D:8      | Reached skill level 5 in Spellcasting
 10470 | D:8      | Reached XP level 10. HP: 34/59 MP: 8/17
 10505 | D:8      | Found a sand-covered staircase.
 10584 | Ossuary  | Entered an ossuary
 10730 | Ossuary  | Offered knowledge of Dazzling Flash by Vehumet.
 10771 | Ossuary  | Reached skill level 10 in Earth Magic
 10802 | Ossuary  | Reached *** piety under Vehumet
 11634 | D:8      | Noticed scionoferis's ghost (novice DgHs)
 11652 | D:8      | Found a transporter.
 11674 | D:8      | Found a transporter.
 11680 | D:8      | Offered knowledge of Fulminant Prism by Vehumet.
 12448 | D:9      | Noticed a two-headed ogre
 12638 | D:9      | Killed a two-headed ogre
 12639 | D:9      | Reached skill level 11 in Earth Magic
 13057 | D:9      | Reached XP level 11. HP: 66/66 MP: 19/19
 13196 | D:9      | Found a staircase to the Lair.
 13386 | D:9      | Found a shimmering blue altar of Sif Muna.
 13488 | D:10     | Entered Level 10 of the Dungeon
 13552 | D:10     | Found a viscous altar of Jiyva.
 13553 | D:10     | Reached **** piety under Vehumet
 13873 | D:10     | Noticed a two-headed ogre
 13885 | D:10     | Killed a two-headed ogre
 14051 | D:10     | Found an ancient bone altar of Kikubaaqudgha.
 14053 | D:10     | Found a blossoming altar of Fedhas.
 14504 | D:10     | Offered knowledge of Olgreb's Toxic Radiance by Vehumet.
 14505 | D:10     | Reached skill level 12 in Earth Magic
 14512 | D:10     | Learned a level 4 spell: Olgreb's Toxic Radiance
 14688 | D:10     | Found a glowing golden altar of the Shining One.
 14693 | D:10     | Noticed a two-headed ogre
 14700 | D:10     | Killed a two-headed ogre
 14701 | D:10     | Reached skill level 1 in Poison Magic
 15685 | D:11     | Noticed a two-headed ogre
 15690 | D:11     | Killed a two-headed ogre
 15770 | D:11     | Reached skill level 1 in Staves
 16166 | D:12     | Noticed a cyclops
 16174 | D:12     | Killed a cyclops
 16178 | D:12     | Reached XP level 12. HP: 34/73 MP: 17/22
 16421 | D:12     | Found a staircase to the Orcish Mines.
 16557 | D:12     | Reached skill level 13 in Earth Magic
 17330 | Lair:1   | Entered Level 1 of the Lair of Beasts
 17503 | Lair:1   | Reached ***** piety under Vehumet
 17632 | Lair:1   | Offered knowledge of Lee's Rapid Deconstruction by Vehumet.
 17639 | Lair:1   | Learned a level 5 spell: Lee's Rapid Deconstruction
 17902 | Lair:1   | Noticed a death yak
 17913 | Lair:1   | Killed a death yak
 17916 | Lair:1   | Noticed a death yak
 17998 | Lair:1   | Noticed a death yak
 17999 | Lair:1   | Noticed a death yak
 18017 | Lair:1   | Killed a death yak
 18020 | Lair:1   | Killed a death yak
 18027 | Lair:1   | Slain by a death yak

Illustrated notes

Levels and vault maps discovered:
D:1:      lemuel_arrival_funnel, layout_loops_ring, kennysheep_nondescript
D:2:      layout_basic, nicolae_ecumenical_pavilion, kennysheep_generic_room_6
D:3:      layout_loops_corners, bloody_makhleb, serial_park_tiny_2,
          grunt_decor_resistance, hangedman_decor_riveting
D:4:      layout_layer_cave, serial_shops, nicolae_shop_bloodbath_and_beyond,
          serial_undead, serial_undead_d, serial_undead_c, serial_undead_a,
          serial_undead_f, uniq_eustachio
D:5:      layout_loops_cross, nicolae_overflow_hidden_temple,
          ebering_ghost_sewer_d, kennysheep_boxes
D:6:      layout_layer_cave, mainiacjoe_overflow_alcove_2,
          nicolae_overflow_crystal_walls, minmay_temple_entry_butterflies,
          gammafunk_ghost_grave
D:7:      layout_loops_ring, nicolae_wu_jian_immortal_techniques,
          uniq_crazy_yiuf_cottage
D:8:      layout_loops_corners, gammafunk_ghost_stat_death, enter_ossuary_4,
          minmay_lizard_king
D:9:      layout_loops_cross, lemuel_blue_sif_altar,
          grunt_lair_entry_orc_guard_hut, minivault_27
D:10:     layout_layer_cave, amcnicky_altar_gilded,
          grunt_temple_overflow_growth_and_decay, jiyva_altar_1
D:11:     minmay_weird_star, layout_irregular_city
D:12:     layout_roguey, orc_0_dummy, serial_corexii_hall,
          corexii_hall_statues_t, corexii_hall_statues_s,
          nicolae_straight_to_the_point
Temple:   minmay_freezing_vapour_temple
Lair:1:   layout_misc_corridors

Skill      XL: |  1  2  3  4  5  6  7  8  9 10 11 12 |
---------------+-------------------------------------+-----
Earth Magic    | 4 5 6 8 9 11 12 13 | 13.8
Transmutations | 1 |  1.0
Fighting       | 1 2 3 4 5 6 7 8 |  8.5
Armour         | 1 2 3 4 5 6 7 8 |  8.4
Maces & Flails | 1 2 3 4 |  4.0
Dodging        | 2 |  2.0
Stealth        | 3 |  3.0
Conjurations   | 1 2 3 4 5 6 7 8 |  8.3
Throwing       | 1 2 |  2.0
Spellcasting   | 3 4 5 6 7 |  7.4
Evocations     | 2 3 |  3.0
Poison Magic   | 2 4 |  4.0
Staves         | 1 3 |  3.0

Action                     |  1- 3 |  4- 6 |  7- 9 | 10-12 || total
---------------------------+-------+-------+-------+-------++-------
  Melee: Club              |     2 |       |       |       ||     2
         Whip              |       |    11 |     8 |     9 ||    28
  Throw: Boomerang         |       |       |     4 |     7 ||    11
         Dart              |       |       |     1 |     5 ||     6
         Throwing net      |       |       |       |     1 ||     1
   Cast: Sandblast         |    47 |    84 |    96 |   156 ||   383
         Stone Arrow       |       |     7 |    82 |   200 ||   289
         Olgreb's Toxic Ra |       |       |       |     8 ||     8
         Lee's Rapid Decon |       |       |       |     2 ||     2
  Evoke: Wand              |       |       |     1 |       ||     1
    Use: Scroll            |       |     5 |     9 |    16 ||    30
         Potion            |       |       |       |     2 ||     2
 Armour: Robe              |     8 |    22 |    36 |    81 ||   147
         Skin              |       |       |       |     2 ||     2
  Dodge: Dodged            |     7 |    35 |    46 |   100 ||   188

Table legend: (Time is in decaauts)
 A = Elapsed time spent in this place.
 B = Non-inter-level travel time spent in this place.
 C = Inter-level travel time spent in this place.
 D = Time resting spent in this place.
 E = Time spent auto-exploring this place.
 F = Levels seen in this place.
 G = Mean time per level.
                   A        B        C        D        E       F      G
               +--------+--------+--------+--------+--------+-----+--------+
         Total |  18221 |  17628 |    593 |   2065 |  12985 |  15 | 1214.7 |
       Dungeon |  17021 |  16429 |    592 |   1706 |  12526 |  12 | 1418.4 |
        Temple |    100 |    100 |      0 |     87 |      0 |   1 |  100.0 |
          Lair |    711 |    711 |      0 |     68 |    459 |   1 |  711.0 |
       Ossuary |    388 |    388 |      0 |    204 |      0 |   1 |  388.0 |
               +--------+--------+--------+--------+--------+-----+--------+

Top non-repeatable levels by time:
     D:3: 2425 daAuts
     D:6: 1897 daAuts
    D:10: 1800 daAuts
     D:8: 1725 daAuts
     D:4: 1659 daAuts
     D:7: 1358 daAuts
    D:12: 1166 daAuts
     D:1: 1096 daAuts
     D:9: 1077 daAuts
     D:5: 987 daAuts
     D:2: 969 daAuts
    D:11: 857 daAuts
  Lair:1: 711 daAuts
 Ossuary: 388 daAuts
  Temple: 100 daAuts
